 Dungeon Crawl Stone Soup version 0.29.1-12-g30fa7ad0bf (webtiles) character file.

Game seed: 6777332869175623892

1103 hawla the Chiller (level 8, -14/59 HPs)
             Began as a Meteoran Ice Elementalist on Dec 15, 2022.
             Was an Initiate of Vehumet.
             Demolished by a yak (16 damage)
             ... on level 6 of the Dungeon.
             The game lasted 00:07:44 (1755 turns).

hawla the Chiller (Meteoran Ice Elementalist)       Turns: 1755, Time: 00:07:46

Health: -14/59     AC:  2    Str: 10    XL:     8   Next: 89%
Magic:  3/19       EV: 13    Int: 19    God:    Vehumet [......]
Gold:   154        SH:  0    Dex: 14    Spells: 12/20 levels left

rFire   . . .      SeeInvis .   n - +4 flail (vorpal)
rCold   . . .      Faith    .   (no shield)
rNeg    . . .      Spirit   .   a - +0 robe
rPois   .          Reflect  .   (no helmet)
rElec   .          Harm     .   (no cloak)
rCorr   .          Rampage  .   (no gloves)
Will    +....                   (no boots)
Stlth   +.........              (no amulet)
HPRegen 0.19/turn               (no ring)
MPRegen 0.16/turn               (no ring)

@: glowing
A: sense surroundings 1, otherworldly, glowing, explore regen
a: Renounce Religion


You were on level 6 of the Dungeon.
You worshipped Vehumet.
Vehumet was noncommittal.
You visited 2 branches of the dungeon, and saw 7 of its levels.

You collected 154 gold pieces.

Inventory:

Hand Weapons
 n - a +4 vorpal flail (weapon)
Armour
 a - a +0 robe (worn)
Wands
 h - a wand of iceblast (5)
 p - a wand of acid (10) (quivered)
Scrolls
 b - a scroll of brand weapon {unknown}
 c - a scroll of fear {unknown}
 f - a scroll of teleportation {unknown}
 g - a scroll of immolation {unknown}
 j - a scroll of amnesia {unknown}
 m - a scroll of enchant armour {unknown}
 o - a scroll of blinking {unknown}
 q - a scroll of torment {unknown}
 r - a scroll of vulnerability {unknown}
Potions
 d - 2 potions of attraction
 e - a potion of heal wounds
 i - a potion of degeneration {unknown}
 k - 2 potions of invisibility {unknown}
 l - a potion of ambrosia {unknown}
 s - a potion of haste {unknown}


   Skills:
 + Level 1.0 Fighting
 + Level 1.5 Maces & Flails
 + Level 3.5 Dodging
 - Level 1.4 Stealth
 + Level 6.8 Spellcasting
 + Level 6.5 Conjurations
 + Level 6.8 Ice Magic


You had 12 spell levels left.
You knew the following spells:

 Your Spells              Type           Power      Damage    Failure   Level
a - Freeze                Ice            100%       1d11      1%          1
b - Frozen Ramparts       Ice            64%        1d10      1%          3
c - Hailstorm             Conj/Ice       32%        3d8       6%          4

Your spell library contained the following spells:

 Spells                   Type           Power      Damage    Failure   Level
 Ozocubu's Armour         Ice            32%        N/A       1%          3
 Stone Arrow              Conj/Erth      36%        3d9       9%          3
 Animate Armour           Summ/Erth      12%        N/A       71%         4
 Lehudib's Crystal Spear  Conj/Erth      9%         10d4      100%        8


Dungeon Overview and Level Annotations

Branches:
Dungeon (6/15) Zot: 2185   Temple (1/1) D:5 Zot: 247

Altars:
Cheibriados
Dithmenos
Elyvilon
Fedhas
Gozag
Hepliaklqana
Kikubaaqudgha
Makhleb
Nemelex Xobeh
Okawaru
Qazlal
Ru
Sif Muna
Trog
Uskayaw
Vehumet
Wu Jian
Xom
Yredelemnul
Zin
The Shining One

Shops:
D:2 (


Innate Abilities, Weirdness & Mutations

You passively map a small area around you.
You are easily found by Zot.
You glow in the dark.
You regain HP and MP as you explore.


Message History

You barely miss the ogre.
The ogre is severely wounded.
The yak bellows!
The wall freezes the ogre!
You kill the ogre!
Vehumet accepts your kill.
The wall freezes the yak.
Your Maces & Flails skill increases to level 1!
The wall freezes the yak!
You sock the yak!
The yak is almost dead.
The wall freezes the yak.
The yak gores you!
The wall freezes the yak.
A yak comes into view.
An ogre comes into view. It is wielding a +0 giant club.
The ogre shouts!
The yak bellows!
You sock the yak!
You kill the yak!
Vehumet accepts your kill.
The wall freezes the yak! x2; The yak barely misses you.
The wall freezes the yak.
Your Fighting skill increases to level 1!
Okay, then.
You hit the yak.
The yak is heavily wounded.
The wall freezes the yak.
The wall freezes the yak!
The yak gores you!
* * * LOW HITPOINT WARNING * * *
Unknown command.
You closely miss the yak.
The yak is moderately wounded.
The wall freezes the yak.
The yak closely misses you.
The wall freezes the yak.
The yak closely misses you.
Unknown command.
You hit the yak.
The yak is heavily wounded.
The frozen ramparts melt away.
The yak gores you!
* * * LOW HITPOINT WARNING * * *
The yak gores you.
* * * LOW HITPOINT WARNING * * *
The yak gores you!
You die...

* #.#.....##.#
#.#....#...# , ,
#..#..#...(# , ,
#...###....# , ,Y
#....###...# ,
..####....#..#..#
.........#....#.#
*
.......##.....#..#
......OYY@.......#
.......#Y#######.#
....!..#.# #
$........#
........##* *
##......, ,,
#....... * *
#....... * ~


You could see 3 yaks and an ogre.

Vanquished Creatures
  Sigmund (D:2)
  A yak (D:6)
  An ice beast (D:6)
  An ogre (D:6)
  A necrophage (D:6)
  3 killer bees (D:5)
  An orc priest (D:5)
  2 hounds
  2 jellies
  Ijyb (D:5)
  Natasha (D:2)
  An orc wizard (D:5)
  2 iguanas
  Robin (D:4)
  3 adders
  3 gnolls (D:4)
  A worm (D:2)
  A dart slug (D:4)
  9 orcs
  2 ball pythons
  An endoplasm (D:4)
  2 giant cockroaches
  9 goblins
  5 hobgoblins
  4 quokkas
  3 bats
  3 frilled lizards
  A kobold (D:4)
  2 rats
68 creatures vanquished.

Vanquished Creatures (collateral kills)
  A jelly (D:5)
1 creature vanquished.

Grand Total: 69 creatures vanquished

Notes
Turn   | Place    | Note
-------+----------+-------------------------------------------
     0 | D:1      | hawla the Meteoran Ice Elementalist began the quest for the
                  | Orb.
     0 | D:1      | Reached XP level 1. HP: 14/14 MP: 5/5
   130 | D:1      | Reached XP level 2. HP: 20/20 MP: 3/6
   173 | D:2      | Noticed Natasha
   187 | D:1      | Reached XP level 3. HP: 10/26 MP: 2/8
   192 | D:1      | Learned a level 3 spell: Frozen Ramparts
   420 | D:2      | Found Eqoarph's Weapon Emporium.
   447 | D:2      | Noticed Sigmund
   460 | D:2      | Killed Sigmund
   461 | D:2      | Reached skill level 5 in Spellcasting
   461 | D:2      | Reached skill level 5 in Ice Magic
   461 | D:2      | Reached XP level 4. HP: 8/33 MP: 0/12
   461 | D:2      | Reached XP level 5. HP: 10/38 MP: 0/13
   461 | D:2      | Reached XP level 6. HP: 12/45 MP: 0/14
   463 | D:2      | Killed Natasha
   656 | D:4      | Reached XP level 7. HP: 39/51 MP: 12/17
   674 | D:4      | Noticed Robin
   693 | D:4      | Killed Robin
   705 | D:4      | Learned a level 4 spell: Hailstorm
   725 | D:5      | Entered Level 5 of the Dungeon
   766 | D:5      | Reached skill level 1 in Conjurations
   992 | D:5      | Found a staircase to the Ecumenical Temple.
   996 | D:5      | Reached XP level 8. HP: 58/58 MP: 14/18
   999 | Temple   | Entered the Ecumenical Temple
  1330 | Temple   | Became a worshipper of Vehumet
  1461 | D:5      | Noticed Ijyb
  1473 | D:5      | Killed Ijyb
  1474 | D:5      | Reached skill level 5 in Conjurations
  1741 | D:6      | Noticed a yak
  1742 | D:6      | Noticed a yak
  1748 | D:6      | Noticed a yak
  1750 | D:6      | Reached skill level 1 in Maces & Flails
  1751 | D:6      | Noticed a yak
  1752 | D:6      | Killed a yak
  1753 | D:6      | Reached skill level 1 in Fighting
  1755 | D:6      | HP: 2/59 [yak (1)]
  1755 | D:6      | Demolished by a yak

Illustrated notes

Levels and vault maps discovered:
D:1:      dpeg_arrival_signposts, layout_loops_ring,
          hellmonk_ecumenical_altar_heavens_door
D:2:      layout_rooms, serial_shops, nicolae_shop_bloodbath_and_beyond,
          uniq_natasha, uniq_sigmund, uniq_jessica
D:3:      layout_loops_cross, grunt_ministairs_12, minmay_quadrilaterals
D:4:      minmay_chambers_of_fours, layout_basic, uniq_robin
D:5:      layout_basic, minmay_temple_entry_proselytizer, serial_shops, shop,
          uniq_ijyb
D:6:      layout_basic, general_overflow_altar, minmay_misc_feat_chi,
          st_stairs_9
Temple:   mainiacjoe_temple_circle_huts

Skill      XL: |  1  2  3  4  5  6  7  8 |
---------------+-------------------------+-----
Spellcasting   | 3 5 6 |  6.8
Dodging        | 3 |  3.5
Ice Magic      | 5 6 |  6.8
Conjurations   | 4 6 |  6.5
Maces & Flails | 1 |  1.5
Fighting       | 1 |  1.0
Stealth        | |  1.4

Action                   |  1- 3 |  4- 6 |  7- 9 || total
-------------------------+-------+-------+-------++-------
Melee: Unarmed           |     2 |       |       ||     2
       Flail             |       |     7 |    23 ||    30
       Punch             |       |       |     1 ||     1
 Cast: Freeze            |    20 |     3 |    17 ||    40
       Frozen Ramparts   |     7 |     6 |    10 ||    23
       Hailstorm         |       |       |     8 ||     8
Evoke: Wand              |       |       |     1 ||     1
  Use: Potion            |     1 |     2 |     1 ||     4
       Scroll            |       |       |     2 ||     2
Armor: Robe              |     3 |     2 |     8 ||    13
Dodge: Dodged            |    19 |     7 |    33 ||    59
